 Dungeon Crawl Stone Soup version 0.17-a0-1718-g72dbe4d (webtiles) character file.

126 kae the Slasher (level 4, 0/39 HPs)
             Began as a Minotaur Fighter on Aug 26, 2015.
             Slain by cmdexe's ghost (6 damage)
             ... on level 4 of the Dungeon.
             The game lasted 00:02:17 (1913 turns).

kae the Slasher (Minotaur Fighter)                  Turns: 1913, Time: 00:02:17

Health: 0/39       AC:  9    Str: 25    XL:     4   Next: 84%
Magic:  3/3        EV:  7    Int:  6    God:
Gold:   104        SH:  9    Dex: 10    Spells: 0 memorised, 3 levels left

rFire  . . .     SeeInvis .     a - +0 long sword
rCold  . . .     Clarity  .     b - +0 scale mail
rNeg   . . .     SustAt   .     c - +0 shield
rPois  .         Gourm    .     (helmet restricted)
rElec  .         Spirit   .     (no cloak)
rCorr  .         Warding  .     z - +1 pair of gloves
rMut   .         Stasis   .     (no boots)
MR     .....                    t - amulet of rage
Stlth  ..........               (no ring)
                                p - ring of flight

@: mighty, drained, not resistant to hostile enchantments, extremely unstealthy
A: retaliatory headbutt, horns 2
a: Evoke Berserk Rage, Evoke Flight


You were on level 4 of the Dungeon.
You were hungry.

You visited 1 branch of the dungeon, and saw 4 of its levels.

You collected 104 gold pieces.

Inventory:

Hand weapons
 a - a +0 long sword (weapon)
Armour
 b - a +0 scale mail (worn)
 c - a +0 shield (worn)
 z - a +1 pair of gloves (worn)
Jewellery
 p - a ring of flight (left hand)
 t - an amulet of rage (around neck)
Magical devices
 v - a wand of disintegration (20)
Scrolls
 f - a scroll of fear
 l - a scroll of remove curse
Potions
 h - 3 potions of haste
 i - 2 potions of brilliance
 o - a potion of flight {unknown}
 q - 2 potions of curing
 s - a potion of heal wounds
 u - a potion of lignification {unknown}
Comestibles
 e - 4 bread rations
 g - a meat ration
 n - 5 fruits
 A - 2 chunks of flesh


   Skills:
 - Level 3.6(3.3) Fighting
 + Level 6.1(5.9) Long Blades
 - Level 3.6(3.3) Armour
 - Level 3.6(3.3) Shields


You had 3 spell levels left.
You didn't know any spells.

Dungeon Overview and Level Annotations

Branches:
Dungeon (4/15)
 Temple: D:4-7

Altars:

Annotations:
D:4 cmdexe's ghost, average DsFi


Innate Abilities, Weirdness & Mutations

You reflexively headbutt those who attack you in melee.
You have a pair of horns on your head.


Message History

Cmdexe's ghost hits you.
You miss cmdexe's ghost. Your headbutt misses cmdexe's ghost.
Cmdexe's ghost is severely damaged.
Cmdexe's ghost closely misses you.
Cmdexe's ghost hits you but does no damage.
You closely miss cmdexe's ghost. You headbutt cmdexe's ghost.
Cmdexe's ghost is almost destroyed.
Cmdexe's ghost hits you!
You hit cmdexe's ghost but do no damage.
Cmdexe's ghost is almost destroyed.
Cmdexe's ghost hits you!
* * * LOW HITPOINT WARNING * * *
You are feeling hungry.
You closely miss cmdexe's ghost. Your headbutt misses cmdexe's ghost.
Cmdexe's ghost is almost destroyed.
You block cmdexe's ghost's attack.
Your shield and scale mail prevent you from hitting cmdexe's ghost.
Cmdexe's ghost is almost destroyed.
Cmdexe's ghost hits you.
You die...

#.####.#
#......#
#......#
####(.....#
..........#
..........#
####.....#
#.....#..♣
#.@.......
##W##......
#.# ##.♣.♣
#.# #♣ ♣
#.# #.# #.#
#.#


You could see cmdexe's ghost.

Vanquished Creatures
  Jessica (D:3)
  A worker ant (D:4)
  An adder (D:2)
  2 oozes
  2 worms
  An orc (D:3)
  2 ball pythons (D:1)
  3 hobgoblins
  9 jackals
  9 bats
  A giant cockroach (D:2)
  A giant gecko (D:1)
  A giant newt (D:1)
  8 goblins
  8 kobolds
  5 rats
55 creatures vanquished.

Notes
Turn   | Place    | Note
--------------------------------------------------------------
     0 | D:1      | kae the Minotaur Fighter began the quest for the Orb.
     0 | D:1      | Reached XP level 1. HP: 19/19 MP: 0/0
    82 | D:1      | Reached XP level 2. HP: 23/26 MP: 1/1
   496 | D:1      | Reached skill level 4 in Long Blades
   596 | D:1      | Reached XP level 3. HP: 29/31 MP: 2/2
   793 | D:2      | Found a faded altar to an unknown god.
   876 | D:2      | Reached skill level 5 in Long Blades
  1302 | D:3      | Noticed Jessica
  1313 | D:3      | Killed Jessica
  1313 | D:3      | Reached XP level 4. HP: 28/39 MP: 3/3
  1854 | D:4      | Reached skill level 6 in Long Blades
  1889 | D:4      | Noticed cmdexe's ghost (average DsFi)
  1913 | D:4      | Slain by cmdexe's ghost

Vault maps used:
D:1:      scummos_arrival_star
D:2:      ecumenical_altar_1
D:3:      grunt_decor_cap, due_unseen_surprise, uniq_jessica
D:4:      first_bread, uniq_menkaure, uniq_crazy_yiuf_cottage, uniq_natasha

Action                   |  1- 3 |  4- 6 || total
-------------------------+-------+-------++-------
Melee: Long sword        |   118 |    65 ||   183
  Use: Scroll            |       |    11 ||    11
       Potion            |       |     2 ||     2
  Eat: Chunk             |     1 |     2 ||     3
